 Dungeon Crawl Stone Soup version 0.20.0 (webtiles) character file.

154 MatthieuS the Purveyor of Pain (level 5, -4/42 HPs)
             Began as a Ghoul Necromancer on June 6, 2017.
             Was an Initiate of Kikubaaqudgha.
             Slain by a gnoll
             ... wielding a +0 halberd
              (8 damage)
             ... on level 2 of the Dungeon.
             The game lasted 00:10:50 (2966 turns).

MatthieuS the Purveyor of Pain (Ghoul Necromancer)  Turns: 2966, Time: 00:10:50

Health: -4/42      AC:  4    Str: 12    XL:     5   Next: 36%
Magic:  6/7        EV: 12    Int: 11    God:    Kikubaaqudgha [......]
Gold:   25         SH:  0    Dex:  9    Spells: 0/8 levels left

rFire    . . .     SeeInvis .     - Unarmed
rCold    + . .     Gourm    .   (no shield)
rNeg     + + +     Faith    .   a - +0 robe
rPois    ∞         Spirit   .   (no helmet)
rElec    .         Reflect  .   (no cloak)
rCorr    .         Harm     .   (no gloves)
MR       .....                  q - +1 pair of boots
Stlth    ++........             (no amulet)
Regen    0.0/turn               (no ring)
MPRegen  0.1/turn               (no ring)

@: rotting, hasted, very quick
A: rotting body, claws 1, carnivore 3, cold resistance 1, negative energy
resistance 3, inhibited regeneration, torment resistance, unbreathing
a: Renounce Religion


You were on level 2 of the Dungeon.
You worshipped Kikubaaqudgha.
Kikubaaqudgha was noncommittal.
You were not hungry.

You visited 1 branch of the dungeon, and saw 2 of its levels.

You collected 25 gold pieces.

Inventory:

Missiles
 n - 16 sling bullets
Armour
 a - a +0 robe (worn)
 q - a +1 pair of boots (worn)
Scrolls
 d - a scroll of enchant weapon {unknown}
 h - a scroll of remove curse {unknown}
 i - a scroll of recharging {unknown}
 k - a scroll of blinking {unknown}
 l - a scroll of teleportation {unknown}
Potions
 f - a potion of cancellation
 j - a potion of agility {unknown}
 m - a potion of degeneration {unknown}
 p - a potion of mutation {unknown}
Books
 b - a book of Necromancy

   Spells                             Type                      Level
   a - Pain                           Necromancy                   1
   b - Animate Skeleton               Necromancy                   1
   c - Vampiric Draining              Necromancy                   3
   d - Regeneration                   Charms/Necromancy            3
   e - Animate Dead                   Necromancy                   4
   f - Control Undead                 Necromancy                   4
Comestibles
 c - a meat ration
 g - a chunk of flesh
 r - a royal jelly


   Skills:
 + Level 2.4 Fighting
 + Level 2.0 Dodging
 + Level 2.5 Stealth
 - Level 3.1 Unarmed Combat
 + Level 2.3 Spellcasting
 + Level 4.3 Necromancy


You couldn't memorise any spells.
You knew the following spells:

 Your Spells              Type           Power        Failure   Level  Hunger
a - Pain                  Necr           ##..         4%          1    ##.....
b - Vampiric Draining     Necr           ##........   14%         3    ####...
c - Animate Dead          Necr           N/A          43%         4    #####..


Dungeon Overview and Level Annotations

Branches:
Dungeon (2/15)

Altars:
Kikubaaqudgha
Nemelex Xobeh
Xom


Innate Abilities, Weirdness & Mutations

Your body is rotting away.
You thrive on raw meat.
You are immune to poison.
You have sharp fingernails.
You are carnivorous and can eat meat at any time.
Your flesh is cold resistant. (rC+)
You are immune to negative energy. (rN+++)
You do not regenerate when monsters are visible.
You are immune to unholy pain and torment.
You can survive without breathing.


Message History

You barely miss the gnoll.
The gnoll is moderately wounded.
The gnoll misses you.
The gnoll shouts! x2
You scratch the gnoll.
The gnoll is moderately wounded.
The gnoll hits you with a halberd.
Casting: Pain
Confirm with . or Enter, or press ? or * to list all spells.
Aiming: Pain
Press: ? - help, Shift-Dir - straight line, f/p - gnoll
Aim: a gnoll, wielding a halberd (moderately wounded, chance to defeat MR: 71%)
The gnoll struggles to resist.
The gnoll hits you with a halberd.
* * * LOW HITPOINT WARNING * * *
The gnoll hits you from afar with a halberd.
* * * LOW HITPOINT WARNING * * *
You feel yourself speed up.
The gnoll hits you from afar with a halberd!
You die...
Kikubaaqudgha rasps: "You have failed me!
Welcome... oblivion!"

##........##.......##.##
#........#.............
#........#.............
#........#....#........
#...............#......
##.###....#.....##..(..
#.# #.##....#......#.#
#.# #.##....##.....#.#
#.# #@...#......#....#
#.# #....##..#..##...#
#.# #g#......#.......#
#.# #g##.....###......
#.# #.g...#......#...#
###...##.....##...
#.......#......#
#######.##.....#
#.)...#...


You could see 3 gnolls.

Vanquished Creatures
  5 gnolls (D:2)
  5 adders
  An ooze (D:1)
  A worm (D:1)
  3 dart slugs
  3 ball pythons (D:1)
  3 giant cockroaches (D:1)
  5 goblins
  6 hobgoblins
  A quokka (D:2)
  6 bats
  A frilled lizard (D:2)
  7 kobolds
  6 rats
53 creatures vanquished.

Notes
Turn   | Place    | Note
-------+----------+-------------------------------------------
     0 | D:1      | MatthieuS the Ghoul Necromancer began the quest for the Orb.
     0 | D:1      | Reached XP level 1. HP: 14/14 MP: 2/2
    17 | D:1      | Reached skill level 1 in Unarmed Combat
   147 | D:1      | Reached XP level 2. HP: 3/22 MP: 3/3
   644 | D:1      | Reached skill level 1 in Fighting
  1208 | D:1      | Reached XP level 3. HP: 28/28 MP: 4/4
  1755 | D:2      | Found a shimmering altar of Xom.
  1757 | D:2      | Found a sparkling altar of Nemelex Xobeh.
  1854 | D:1      | Reached XP level 4. HP: 13/36 MP: 0/5
  1931 | D:1      | Learned a level 3 spell: Vampiric Draining
  2512 | D:2      | Reached XP level 5. HP: 41/42 MP: 0/7
  2540 | D:2      | Found an ancient bone altar of Kikubaaqudgha.
  2548 | D:2      | Became a worshipper of Kikubaaqudgha
  2757 | D:2      | Learned a level 4 spell: Animate Dead
  2966 | D:2      | Slain by a gnoll

Skill      XL: |  1  2  3  4 |
---------------+-------------+-----
Unarmed Combat | 1 2 3 |  3.1
Fighting       | 1 2 |  2.4
Spellcasting   | 2 |  2.3
Dodging        | 2 |  2.0
Stealth        | |  2.5
Necromancy     | |  4.3

Action                   |  1- 3 |  4- 6 || total
-------------------------+-------+-------++-------
Melee: Unarmed           |   210 |    67 ||   277
 Cast: Pain              |     5 |    37 ||    42
  Use: Scroll            |       |     2 ||     2
       Potion            |       |     1 ||     1
 Stab: Sleeping          |     1 |     1 ||     2
       Distracted        |       |     1 ||     1
  Eat: Chunk             |     3 |     6 ||     9
Armor: Robe              |     8 |    13 ||    21
       Plate armour      |   181 |       ||   181
Dodge: Dodged            |    52 |    44 ||    96
